 Dungeon Crawl Stone Soup version 0.30-a0-964-gd452b5e7fa (webtiles) character file.

Game seed: 13310092432958345537

91 Ahpoh the Slasher (level 4, 0/27 HPs)
             Began as a Gargoyle Gladiator on Mar 30, 2023.
             Slain by Pikel
             ... wielding a +0 whip of freezing
              (6 damage)
             ... on level 4 of the Dungeon.
             The game lasted 00:05:51 (2680 turns).

Ahpoh the Slasher (Gargoyle Gladiator)              Turns: 2680, Time: 00:05:52

Health: 0/27       AC: 15    Str: 18    XL:     4   Next: 57%
Magic:  4/4        EV:  6    Int:  8    God:
Gold:   176        SH:  0    Dex: 13    Spells: 3/3 levels left

rFire   . . .      SeeInvis .    a - +0 long sword
rCold   . . .      Faith    .    (no shield)
rNeg    + . .      Spirit   .    h - +0 plate armour
rPois   ∞          Reflect  .    c - +0 helmet
rElec   +          Rampage  .    (no cloak)
rCorr   .                        (no gloves)
Will    .....                    (no boots) Stlth
                                 (no amulet)
HPRegen 0.24/turn                (no ring)
MPRegen 0.09/turn                (no ring)

@: no status effects
A: sickness immunity, AC +3, negative energy resistance 1, electricity
resistance, torment resistance 1, petrification resistance
a: no special abilities


You were on level 4 of the Dungeon.
You visited 1 branch of the dungeon, and saw 4 of its levels.

You collected 204 gold pieces.
You spent 28 gold pieces at shops.

Inventory:

Hand Weapons
 a - a +0 long sword (weapon)
Missiles
 d - a throwing net (quivered)
 e - a javelin
Armour
 b - a +0 leather armour
 c - a +0 helmet (worn)
 h - a +0 plate armour (worn)
Jewellery
 q - an amulet of magic regeneration
Scrolls
 i - 2 scrolls of torment {unknown}
 m - 2 scrolls of identify
 n - a scroll of noise {unknown}
 o - a scroll of enchant weapon {unknown}
 p - a scroll of teleportation {unknown}
 s - a scroll of fog {unknown}
Potions
 f - a potion of attraction {unknown}
 g - a potion of flight {unknown}
 j - 3 potions of curing {unknown}
 k - 2 potions of berserk rage {unknown}
 l - 2 potions of heal wounds {unknown}
 r - a potion of mutation {unknown}


   Skills:
 + Level 2.5 Fighting
 + Level 4.0 Long Blades
 + Level 1.9 Throwing
 + Level 1.1 Armour
 + Level 2.7 Dodging


You had 3 spell levels left.
You didn't know any spells.
Your spell library contained the following spells:

 Spells                   Type           Power      Damage    Failure   Level
 Inner Flame              Hex/Fire       0%         N/A       100%        3
 Cause Fear               Hex            0%         N/A       100%        4
 Discord                  Hex            0%         N/A       100%        8


Dungeon Overview and Level Annotations

Branches:
Dungeon (4/15)
 Temple: D:4-7

Altars:

Shops:
D:2 *   D:3 *=*

Annotations:
D:4 Pikel


Innate Abilities, Weirdness & Mutations

You are immune to sickness and miasma.
Your stone body is resilient. (AC +3)
You are immune to poison.
You resist negative energy. (rN+)
You are resistant to electric shocks. (rElec)
You are resistant to unholy torment.
You are immune to petrification.


Message History

You kill the lemure!
That felt strangely unrewarding.
You start resting.
Pikel, Merchant of Souls comes into view.
He is wielding a +0 whip of freezing.
Pikel shouts!
Pikel says, "You'll feel the lick of my whip!"
Throw: 3 throwing nets
Press: ? - help, Q - select action, (/) - cycle Shift-Dir - straight line, f - Pikel
Aim: Pikel, wielding a +0 whip of freezing and wearing a +0 robe (50% to hit)
You throw a throwing net. The throwing net hits Pikel.
Pikel is caught in the net!
Pikel struggles against the net.
Pikel struggles against the net.
You hit Pikel.
Pikel is lightly wounded.
Pikel says, "You'll rot in Tartarus!"
Pikel struggles against the net.
You hit Pikel.
Pikel is moderately wounded.
Pikel struggles against the net.
You hit Pikel.
Pikel is heavily wounded.
Pikel struggles against the net.
The net rips apart, and Pikel comes free!
You closely miss Pikel.
Pikel is heavily wounded.
The lemure shouts!
Pikel hits you with a +0 whip of freezing.
Pikel freezes you.
Pikel hits you with a +0 whip of freezing.
* * * LOW HITPOINT WARNING * * *
Pikel freezes you.
* * * LOW HITPOINT WARNING * * *
Throw: 2 throwing nets
Press: ? - help, Q - select action, (/) - cycle Shift-Dir - straight line, f/p - Pikel
Aim: Pikel, wielding a +0 whip of freezing and wearing a +0 robe (heavily wounded, 50% to hit)
You throw a throwing net. The throwing net closely misses Pikel.
The throwing net closely misses the lemure.
Pikel hits you with a +0 whip of freezing.
You die...

#.. ...#
###..##..# #(#..##
........# #.#...#.
#..#...# #.#.....
##......###.......
#................
#.##.......5....5
#.##..#####K#....
#.##.......@# ...
###....######.# .
#...#..# #.#
#......# #[#
#...#.## #.#
###)#### ### #...#
###...# ......#


You could see Pikel and a lemure.

Vanquished Creatures
  3 lemures (D:4)
  A hound (D:4)
  2 adders
  A worm (D:2)
  5 endoplasms
  A giant cockroach (D:1)
  4 goblins
  2 hobgoblins
  A quokka (D:2)
  2 ball pythons
  5 bats
  2 frilled lizards (D:1)
  10 kobolds
  3 rats
42 creatures vanquished.

Vanquished Creatures (others)
  7 plants (D:1)
7 creatures vanquished.

Grand Total: 49 creatures vanquished

Notes
Turn   | Place    | Note
-------+----------+-------------------------------------------
     0 | D:1      | Ahpoh the Gargoyle Gladiator began the quest for the Orb.
     0 | D:1      | Reached XP level 1. HP: 12/12 MP: 1/1
   294 | D:1      | Reached XP level 2. HP: 8/17 MP: 2/2
   573 | D:1      | Reached skill level 3 in Long Blades
  1013 | D:2      | Reached XP level 3. HP: 18/21 MP: 3/3
  1096 | D:2      | Found Kexot's General Store.
  1113 | D:2      | Bought a scroll of identify for 28 gold pieces
  1140 | D:2      | Found a faded altar of an unknown god.
  1762 | D:3      | Found Uzuupeh's Assorted Antiques.
  2021 | D:3      | Found Cugriekk's General Store.
  2176 | D:3      | Found Putoigurch's Jewellery Boutique.
  2491 | D:4      | Reached skill level 1 in Armour
  2491 | D:4      | Reached XP level 4. HP: 18/27 MP: 4/4
  2580 | D:4      | Reached skill level 4 in Long Blades
  2592 | D:4      | Noticed a lemure
  2592 | D:4      | Noticed a lemure
  2615 | D:4      | Killed a lemure
  2618 | D:4      | Noticed a lemure
  2623 | D:4      | Noticed a lemure
  2640 | D:4      | Killed a lemure
  2652 | D:4      | Killed a lemure
  2671 | D:4      | Noticed Pikel
  2680 | D:4      | Slain by Pikel

Illustrated notes

Levels and vault maps discovered:
D:1:      minmay_arrival_plants_in_alcoves, layout_basic, serial_forest,
          infiniplex_forest_straight_2, infiniplex_forest_clump_small,
          infiniplex_forest_diagonal, infiniplex_forest_clump_medium,
          infiniplex_forest_clump_small, hex_tiny, nicolae_eternal_life,
          serial_bayou_lagoon_a, minmay_door_square
D:2:      layout_loops_cross, ebering_ecumenical_altar_webs, serial_shops,
          nicolae_shop_trees
D:3:      layout_basic, serial_shops, nicolae_shop_overgrown_old_shop,
          nicolae_shop_temple_entry_statues_fountains,
          nicolae_shop_advertising_works [nicolae_subvault_shop_adworks]
D:4:      layout_loops_ring, mainiacjoe_overflow_alcove_2, hangedman_ru_absence,
          minmay_temple_entry_grid, serial_shops, shop,
          kennysheep_generic_room_16, uniq_pikel, uniq_robin

Skill      XL: |  1  2  3  4 |
---------------+-------------+-----
Long Blades    | 3 4 |  4.0
Armour         | 1 |  1.1
Fighting       | |  2.5
Throwing       | |  1.9
Dodging        | |  2.7

Action                     |  1- 3 |  4- 6 || total
---------------------------+-------+-------++-------
  Melee: Long sword        |   118 |    56 ||   174
         Punch             |     1 |       ||     1
  Throw: Throwing net      |       |     2 ||     2
 Armour: Leather armour    |    11 |       ||    11
         Plate armour      |    80 |    37 ||   117
  Dodge: Dodged            |    42 |    18 ||    60

Table legend: (Time is in decaauts)
 A = Elapsed time spent in this place.
 B = Non-inter-level travel time spent in this place.
 C = Inter-level travel time spent in this place.
 D = Time resting spent in this place.
 E = Time spent auto-exploring this place.
 F = Levels seen in this place.
 G = Mean time per level.
                   A        B        C        D        E       F      G
               +--------+--------+--------+--------+--------+-----+--------+
         Total |   2727 |   2632 |     95 |     19 |   2059 |   4 |  681.8 |
       Dungeon |   2727 |   2632 |     95 |     19 |   2059 |   4 |  681.8 |
               +--------+--------+--------+--------+--------+-----+--------+

Top non-repeatable levels by time:
     D:1: 965 daAuts
     D:3: 818 daAuts
     D:2: 729 daAuts
     D:4: 212 daAuts
